 Dungeon Crawl Stone Soup version 0.32-a0-576-g706899e69d (webtiles) character file.

Game seed: 12790176165196028039

6 Maxmaps the Ruffian (level 1, -2/16 HPs)
             Began as a Demonspawn Shapeshifter on Mar 1, 2024.
             Slain by a hobgoblin (3 damage)
             ... on level 1 of the Dungeon.
             The game lasted 00:00:13 (214 turns).

Maxmaps the Ruffian (Demonspawn Shapeshifter)        Turns: 214, Time: 00:00:13

Health: -2/16      AC:  2    Str: 14    XL:     1   Next: 75%
Magic:  1/1        EV: 12    Int: 10    God:
Gold:   18         SH:  0    Dex: 12    Spells: 0/0 levels left

rFire   . .          .
                       - Unarmed
rCold   . . .        (no shield)
rNeg    . . .        a - +0 animal skin
rPois   .            (helmet currently unavailable)
rElec   .            (cloak currently unavailable)
rCorr   .            (gloves currently unavailable)
SInv    .            (boots currently unavailable)
Will    .....        (no amulet)
Stlth   +            (no ring)
HPRegen 0.22/turn    (no ring)
MPRegen 0.07/turn

%: no passive effects
@: beast-form
A: beast (slay +1)
a: Begin Untransformation


You were on level 1 of the Dungeon.
You were a hulking beast.
You visited 1 branch of the dungeon, and saw 1 of its levels.

You collected 18 gold pieces.

Inventory:

Armour
 a - a +0 animal skin (worn)
Talismans
 c - a beast talisman (active)
 d - a flux talisman
Scrolls
 e - 4 scrolls of identify {unknown}
 f - a scroll of fear {unknown}
Potions
 b - a potion of lignification


   Skills:
 + Level 1.9 Fighting
 - Level 1.7 Dodging
 - Level 2.6 Unarmed Combat
 - Level 2.6 Shapeshifting


You couldn't memorise any spells.
You didn't know any spells.
Your spell library contained the following spells:

 Spells                   Type           Power      Damage    Failure   Level
 Sting                    Conj/Alch      0%         1d3       36%         1
 Mercury Vapours          Alch/Air       0%         N/A       50%         2
 Olgreb's Toxic Radiance  Alch           0%         N/A       98%         4


Dungeon Overview and Level Annotations

Branches:
Dungeon (1/15)

Altars:

Shops:
D:1 (


Message History

e - 4 scrolls labelled EZETEWK VITI (gained 3)
You open the door.
There is an open door here.
A ball python comes into view.
You see here 14 gold pieces.
A hobgoblin comes into view.
Found 15 gold pieces.
Found Voddaw's Weapon Emporium.
The ball python hisses angrily.
There are monsters nearby!
There are monsters nearby!
A quokka comes into view.
A bat comes into view.
The ball python barely misses you. x2
The ball python bites you but does no damage.
The ball python barely misses you.
The hobgoblin shouts!
The bat barely misses you.
You miss the bat. The bat hits you. The bat hits you but does no damage.
You closely miss the bat. The bat hits you but does no damage.
You hit the ball python.
You kill the ball python!
The bat closely misses you.
You barely miss the quokka. The bat hits you but does no damage.
The quokka bites you. The quokka closely misses you.
You hit the quokka.
The quokka is severely wounded.
The bat hits you but does no damage. The quokka bites you.
The bat hits you but does no damage. The quokka attacks as it pursues you!
The quokka barely misses you. The bat hits you but does no damage.
The quokka barely misses you.
You hit the bat.
You kill the bat!
The quokka barely misses you.
You swing at nothing.
The quokka bites you. The hobgoblin barely misses you. The quokka bites you.
The hobgoblin attacks as it pursues you!
The hobgoblin hits you.
* * * LOW HITPOINT WARNING * * *
You barely miss the hobgoblin. The hobgoblin hits you.
You die...

#..........b.... ..
#..#.##.######.####..
#.......#... .......
...#.##.#.####....#.###
# ##.$.##......#....
#.....'......#####
#r#####......# ##
#g##.........# ##
#h##.##......# ##
.......∩#. #......# ##
###.#...# ######.# #.
##... ..# #.# #. #.##
#.# #.# #.
#..######.###.####.
##...............#.
...........###.##
..........[# #.##


You could see a quokka and a hobgoblin.

Vanquished Creatures
  A bat (D:1)
  A giant cockroach (D:1)
  A kobold (D:1)
  A quokka (D:1)
  A ball python (D:1)
5 creatures vanquished.

Notes
Turn   | Place    | Note
-------+----------+-------------------------------------------
     0 | D:1      | Maxmaps the Demonspawn Shapeshifter began the quest for the
                  | Orb.
     0 | D:1      | Reached XP level 1. HP: 15/15 MP: 1/1
   196 | D:1      | Found Voddaw's Weapon Emporium.
   214 | D:1      | Slain by a hobgoblin

Illustrated notes

Levels and vault maps discovered:
D:1:      minmay_arrival_glassed_features, layout_basic, serial_shops,
          shop_statue, nicolae_shop_tiny_statue_garden, shop, shop

Action                     || total
---------------------------++-------
  Melee: Unarmed           ||    20
 Armour: Animal skin       ||    20
  Dodge: Dodged            ||    16

Table legend: (Time is in decaauts)
 A = Elapsed time spent in this place.
 B = Non-inter-level travel time spent in this place.
 C = Inter-level travel time spent in this place.
 D = Time resting spent in this place.
 E = Time spent auto-exploring this place.
 F = Levels seen in this place.
 G = Mean time per level.
                   A        B        C        D        E       F      G
               +--------+--------+--------+--------+--------+-----+--------+
         Total |    212 |    212 |      0 |      0 |    160 |   1 |  212.0 |
       Dungeon |    212 |    212 |      0 |      0 |    160 |   1 |  212.0 |
               +--------+--------+--------+--------+--------+-----+--------+

Top non-repeatable levels by time:
     D:1: 212 daAuts
